 Dungeon Crawl Stone Soup version 0.29-a0-1027-gcd8c55af63 (webtiles) character file.

Game seed: 11953230770369665988

405 27heaven the Cutter (level 6, -3/55 HPs)
             Began as a Deep Elf Chaos Knight on Aug 13, 2022.
             Was a Plaything of Xom.
             Killed from afar by a white imp (6 damage)
             ... with a puff of frost
             ... on level 5 of the Dungeon.
             The game lasted 00:09:27 (4796 turns).

27heaven the Cutter (Deep Elf Chaos Knight)         Turns: 4796, Time: 00:09:27

Health: -3/55      AC: 27    Str:  9    XL:     6   Next: 56%
Magic:  12/12      EV:  2    Int: 15    God:    Xom [......]
Gold:   190        SH:  0    Dex: 14    Spells: 3/10 levels left

rFire   . . .      SeeInvis .   a - +0 short sword (chaos)
rCold   . . .      Faith    .   (no shield)
rNeg    . . .      Spirit   .   (body armour currently unavailable)
rPois   +          Reflect  .   (helmet currently unavailable)
rElec   .          Harm     .   (cloak currently unavailable)
rCorr   .          Rampage  .   (gloves currently unavailable)
Will    .....      NoTele   +   (boots currently unavailable)
Stlth   +.........              e - amulet of magic regeneration
HPRegen 0.18/turn               l - +4 ring of protection
MPRegen 0.53/turn               (no ring)

@: tree-form
A: stationary, stasis, torment immunity, boosted hp, (talons 1), (camouflage 1),
dopey 2, mutation resistance 1, MP-powered wands
a: Renounce Religion


You were on level 5 of the Dungeon.
You worshipped Xom.
You were a very special plaything of Xom.
You were a tree.
You visited 1 branch of the dungeon, and saw 5 of its levels.
You also visited: Sewer.

You collected 210 gold pieces.
You spent 20 gold pieces at shops.

Inventory:

Hand Weapons
 a - a +0 short sword of chaos (weapon)
 n - a +1 dagger of speed
 y - a +0 short sword of electrocution
Missiles
 q - a throwing net
 r - a javelin
Armour
 b - a +2 leather armour
 i - a +0 chain mail
 p - a +0 pair of gloves (melded)
 v - a +0 cloak (melded)
 x - a +0 robe (melded)
 A - a +0 hat (melded)
Jewellery
 e - an amulet of magic regeneration (around neck)
 l - a +4 ring of protection (left branch)
Wands
 I - a wand of flame (21)
Scrolls
 d - a scroll of amnesia
 g - a scroll of summoning
 h - 2 scrolls of teleportation
 m - 2 scrolls of poison
 o - 5 scrolls of enchant weapon
 s - a scroll of fear
 u - 2 scrolls of enchant armour
 C - a scroll of butterflies {unknown}
 F - a scroll of immolation {unknown}
Potions
 f - a potion of ambrosia
 j - 2 potions of degeneration {unknown}
 k - a potion of lignification
 t - a potion of invisibility {unknown}
 w - a potion of magic {unknown}
 z - a potion of brilliance {unknown}
 B - a potion of cancellation {unknown}
 D - a potion of might {unknown}
 E - 2 potions of curing {unknown}
 G - 2 potions of mutation {unknown}
Miscellaneous
 c - a piece from Xom's chessboard (15/15) (quivered)


   Skills:
 + Level 3.2 Fighting
 + Level 3.9 Short Blades
 + Level 1.9 Armour
 + Level 3.8 Dodging
 + Level 2.8 Spellcasting
 * Level 1.2 Hexes
 * Level 2.8 Ice Magic
 + Level 2.2 Evocations


You had 3 spell levels left.
You knew the following spells:

 Your Spells              Type           Power      Damage    Failure   Level
a - Frozen Ramparts       Ice            20%        1d4       19%         3
b - Cause Fear            Hex            2%         N/A       77%         4

Your spell library contained the following spells:

 Spells                   Type           Power      Damage    Failure   Level
 Apportation              Tloc           4%         N/A       21%         1
 Inner Flame              Hex/Fire       3%         N/A       43%         3
 Ice Form                 Ice/Tmut       6%         N/A       75%         4
 Summon Ice Beast         Ice/Summ       6%         N/A       75%         4
 Alistair's Intoxication  Tmut/Pois      1%         N/A       99%         5
 Discord                  Hex            2%         N/A       100%        8


Dungeon Overview and Level Annotations

Branches:
Dungeon (5/15)             Temple (0/1) D:4           Sewer (visited)

Altars:
Makhleb
Zin

Shops:
D:4 *

Annotations:
D:3 Sigmund


Innate Abilities, Weirdness & Mutations

You are a tree.
Your roots penetrate the ground, keeping you stationary.
You cannot be teleported.
You are immune to unholy pain and torment.
Your maximum health is greatly increased.
Your equipment is partially melded.
((You have sharp toenails.))
((Your skin changes colour to match your surroundings (Stealth+).))
You are very dopey. (Int -4)
You are somewhat resistant to further mutation.
You expend magic power (3 MP) to strengthen your wands.


Message History

The white imp hits you.
* * * LOW HITPOINT WARNING * * *
The white imp freezes you.
* * * LOW HITPOINT WARNING * * *
You hit the white imp but do no damage.
The white imp is severely wounded.
The white imp hits you but does no damage.
You hit the white imp but do no damage.
The white imp is severely wounded.
You closely miss the white imp.
The white imp is severely wounded.
The white imp laughs crazily.
The white imp hits you but does no damage.
You hit the white imp.
The white imp's magic leaks into the air.
The white imp is almost dead.
The white imp closely misses you.
You hit the white imp but do no damage.
The white imp is almost dead.
The white imp closely misses you.
You hit the white imp but do no damage.
The white imp is almost dead.
The white imp shouts, "Out, out, thou painted beef-witted puttock!"
The white imp hits you but does no damage.
You barely miss the white imp.
The white imp is almost dead.
The white imp hits you.
* * * LOW HITPOINT WARNING * * *
The white imp freezes you.
* * * LOW HITPOINT WARNING * * *
It was a potion of lignification.
You turn into a tree.
Your +0 cloak melds into your body.
Your +0 hat melds into your body.
Your +0 pair of gloves melds into your body.
Your +0 robe melds into your body.
Your roots penetrate the ground.
The white imp falters for a moment.
You completely miss the white imp.
The white imp is severely wounded.
The white imp gestures at you. The puff of frost hits you.
You die...

...............'.........+.......
###.#.###....###.........####...#
# #.#........# ##.......## ##..#
# #.#####.#### ##.....## ##.# .
..# #.# ##)..## #.. . ..[ #.#
#+## #.. #.... #.# #.# #.. ....
#.######## #=# ##. #..#.#
#.....♣###.####### #.
#.####5##........# #.
#.#.....###.# ###.
#.#.##......#.###...
#.................8.
###.###.#...#.#.8... #.#
#.#.###.#..... ### #[#.###.#..##'
#.#.....#.##._


You could see a white imp (magic disrupted).

Vanquished Creatures
  A jelly (D:4)
  An iguana (D:5)
  An orc wizard (D:4)
  4 gnolls (D:3)
  7 adders
  A dart slug (D:1)
  9 orcs
  4 endoplasms
  5 giant cockroaches
  9 goblins
  6 hobgoblins
  7 quokkas
  4 ball pythons
  7 bats
  13 kobolds
  12 rats
91 creatures vanquished.

Vanquished Creatures (collateral kills)
  Pargi (Sewer)
  Natasha (D:3)
  An orc (D:3)
  An endoplasm (D:3)
  A kobold (D:3)
5 creatures vanquished.

Vanquished Creatures (others)
  4 plants (D:2)
4 creatures vanquished.

Grand Total: 100 creatures vanquished

Notes
Turn   | Place    | Note
-------+----------+-------------------------------------------
     0 | D:1      | 27heaven the Deep Elf Chaos Knight began the quest for the
                  | Orb.
     0 | D:1      | Reached XP level 1. HP: 13/13 MP: 3/3
   162 | D:1      | Reached skill level 1 in Armour
   205 | D:1      | XOM: silly message
   270 | D:1      | Reached XP level 2. HP: 18/18 MP: 4/4
   353 | D:1      | XOM: silly message
   501 | D:1      | XOM: silly message
   709 | D:1      | Reached skill level 1 in Spellcasting
  1184 | D:2      | Reached XP level 3. HP: 22/22 MP: 6/6
  1460 | D:2      | XOM: snakes to sticks
  1855 | D:2      | XOM: god gift: 7 stones
  1893 | D:2      | Found a faded altar of an unknown god.
  2029 | D:2      | XOM: summons 1 hostile shadow creature
  2119 | D:3      | Reached skill level 1 in Evocations
  2129 | D:3      | XOM: god gift: book of Rime
  2135 | D:3      | Learned a level 3 spell: Frozen Ramparts
  2242 | D:3      | Reached XP level 4. HP: 27/27 MP: 8/8
  2246 | D:3      | XOM: give mutations
  2246 | D:3      | Gained mutation: You are somewhat resistant to further
                  | mutation. [Xom's grace]
  2246 | D:3      | Gained mutation: You expend magic power (3 MP) to
                  | strengthen your wands. [Xom's grace]
  2246 | D:3      | Gained mutation: You have sharp toenails. [Xom's grace]
  2246 | D:3      | Gained mutation: Your skin changes colour to match your
                  | surroundings (Stealth+). [Xom's grace]
  2285 | D:3      | XOM: cleaving
  2287 | D:3      | XOM: fog
  2292 | D:3      | XOM: smoke on damage
  2340 | D:3      | Reached skill level 1 in Ice Magic
  2646 | D:3      | Noticed Sigmund
  2659 | D:3      | XOM: 1-stop teleportation journey
  2922 | D:3      | Noticed Natasha
  2931 | D:3      | XOM: summons 4 friendly demons
  2937 | D:3      | Killed Natasha
  2938 | D:3      | Reached XP level 5. HP: 21/32 MP: 10/10
  3027 | D:3      | XOM: 3-stop teleportation journey
  3462 | D:4      | Found a glowing drain.
  3506 | Sewer    | Entered a sewer
  3700 | Sewer    | Noticed Pargi
  3704 | Sewer    | XOM: summons 3 friendly demons
  3708 | Sewer    | Killed Pargi
  3709 | Sewer    | Reached XP level 6. HP: 21/37 MP: 11/11
  3716 | Sewer    | XOM: silly message
  3750 | D:4      | Learned a level 4 spell: Cause Fear
  3905 | D:4      | Found a burning altar of Makhleb.
  3971 | D:4      | Found Osutiodd's General Store.
  3978 | D:4      | Bought a scroll of identify for 20 gold pieces
  4017 | D:4      | Found a staircase to the Ecumenical Temple.
  4017 | D:4      | XOM: 2-stop teleportation journey
  4266 | D:4      | Reached skill level 1 in Hexes
  4313 | D:4      | XOM: 2-stop teleportation journey
  4524 | D:4      | XOM: give mutations
  4524 | D:4      | Gained mutation: You are dopey. (Int -2) [Xom's mischief]
  4524 | D:4      | Gained mutation: You are very dopey. (Int -4) [Xom's
                  | mischief]
  4549 | D:5      | Entered Level 5 of the Dungeon
  4644 | D:5      | XOM: noise
  4739 | D:5      | Found a glowing silver altar of Zin.
  4783 | D:5      | XOM: swap monsters
  4796 | D:5      | Killed from afar by a white imp

Illustrated notes

Levels and vault maps discovered:
D:1:      dpeg_arrival_round_c, layout_loops_ring, minmay_pentomino_u2
D:2:      layout_rooms, nicolae_ecumenical_lake_church,
          chequers_serial_rivers_small_a, minivault_23, nrook_loot_triangle,
          serial_bayou_crossing
D:3:      layout_loops_ring, uniq_natasha, uniq_sigmund
D:4:      layout_basic, mainiacjoe_overflow_alcove_2,
          minmay_temple_entry_slanted, serial_shops, nicolae_shop_crystal,
          gup_sewer_entry_glass
D:5:      layout_loops_corners, lemuel_round_altar, zin_statuary,
          hangedman_abyss_or_decor_stagger

Skill      XL: |  1  2  3  4  5  6 |
---------------+-------------------+-----
Armour         | 1 |  1.9
Spellcasting   | 1 2 |  2.8
Dodging        | 3 |  3.8
Evocations     | 1 2 |  2.2
Ice Magic      | 1 2 |  2.8
Fighting       | 3 |  3.2
Hexes          | 1 |  1.2
Short Blades   | |  3.9

Action                   |  1- 3 |  4- 6 || total
-------------------------+-------+-------++-------
Melee: Short sword       |   166 |   190 ||   356
       Kick              |       |    45 ||    45
Evoke: Piece from Xom's  |     7 |     4 ||    11
  Use: Scroll            |       |     7 ||     7
       Potion            |       |     2 ||     2
 Stab: Sleeping          |     2 |     7 ||     9
       Petrified         |     1 |     5 ||     6
       Distracted        |       |     1 ||     1
Armor: Leather armour    |    56 |    26 ||    82
       Robe              |       |    67 ||    67
Dodge: Dodged            |    95 |   136 ||   231

Table legend: (Time is in decaauts)
 A = Elapsed time spent in this place.
 B = Non-inter-level travel time spent in this place.
 C = Inter-level travel time spent in this place.
 D = Time resting spent in this place.
 E = Time spent auto-exploring this place.
 F = Levels seen in this place.
 G = Mean time per level.
                   A        B        C        D        E       F      G
               +--------+--------+--------+--------+--------+-----+--------+
         Total |   4784 |   4612 |    172 |      0 |   3601 |   6 |  797.3 |
       Dungeon |   4546 |   4374 |    172 |      0 |   3507 |   5 |  909.2 |
         Sewer |    238 |    238 |      0 |      0 |     94 |   1 |  238.0 |
               +--------+--------+--------+--------+--------+-----+--------+

Top non-repeatable levels by time:
     D:3: 1343 daAuts
     D:1: 1162 daAuts
     D:2: 950 daAuts
     D:4: 845 daAuts
     D:5: 244 daAuts
   Sewer: 238 daAuts
